cohdb
Replays
Latest Replays
All Replays
Popular Replays
Top Player Replays
Match Explorer
How It Works
Community
CoH3 Stats
Reddit
Sign in to upload your games and track your stats! →
Sign in with Steam
Match 40676572
Unlisted
Match 40676572
Overview
Messages
Build Orders
End
Construct Infanterie Kompanie
Selects Terror Battlegroup
Selects Machine Gun Camouflage
MG 42 Machine Gun Team
MG 42 Machine Gun Team
Grenadier Squad
Grenadier Squad
Construct Panzergrenadier Kompanie
Selects Interrogate
251 Medium Carrier
Panzergrenadier Squad
Pak 40 Anti-tank Gun Team
Support Elements
Panzergrenadier Squad
Selects Propaganda Leaflet Drop
Nebelwerfer 42 Rocket Launcher Team
StuG III G Assault Gun
SchnellSchuh5000
PIGEONS ARE FBI DRONES
cottonpicker_69420
T.R. sidewinder
Colonel0tto
flyingpancake
0
0
Comments
sign in to comment!
No comments posted yet!